 Dungeon Crawl Stone Soup version 0.28-a0-695-gff097466f2 (webtiles) character file.

Game seed: 8187177313028909024

161 kae the Changer (level 5, 0/40 HPs)
             Began as a Draconian Transmuter on Oct 22, 2021.
             Splashed by a jelly's acid (4 damage)
             ... on level 3 of the Dungeon.
             The game lasted 00:01:58 (3500 turns).

kae the Changer (Draconian Transmuter)              Turns: 3500, Time: 00:01:58

Health: 0/40       AC: -11   Str: 13    XL:     5   Next: 19%
Magic:  7/8        EV: 12    Int: 14    God:
Gold:   124        SH:  0    Dex: 11    Spells: 0/8 levels left

rFire   . . .      SeeInvis .     - Unarmed
rCold   . . .      Faith    .   (no shield)
rNeg    . . .      Spirit   .   (armour unavailable)
rPois   .          Reflect  .   (helmet restricted)
rElec   .          Harm     .   (no cloak)
rCorr   .          Rampage  .   (no gloves)
Will    .....                   (no boots)
Stlth   +.........              (no amulet)
HPRegen 0.13/turn               (no ring)
MPRegen 0.11/turn               (no ring)

@: corroded
A: AC +5, unfitting armour, cold-blooded
a: no special abilities


You were on level 3 of the Dungeon.
You visited 1 branch of the dungeon, and saw 4 of its levels.

You collected 124 gold pieces.

Inventory:

Jewellery
 e - a ring of fire
Scrolls
 f - a scroll of teleportation
Potions
 b - a potion of curing {unknown}
 c - a potion of brilliance {unknown}
 d - a potion of lignification {unknown}
 g - a potion of magic {unknown}


   Skills:
 - Level 1.1 Fighting
 - Level 1.7 Dodging
 + Level 3.9 Unarmed Combat
 - Level 2.0 Spellcasting
 * Level 4.1 Transmutations
 * Level 0.4 Ice Magic
 - Level 2.0 Poison Magic


You couldn't memorise any spells.
You knew the following spells:

 Your Spells              Type           Power      Damage    Failure   Level
a - Beastly Appendage     Tmut           26%        N/A       4%          1
b - Spider Form           Tmut/Pois      5%         N/A       21%         3
c - Ice Form              Ice/Tmut       7%         N/A       67%         4

Your spell library contained the following spells:

 Spells                   Type           Power      Damage    Failure   Level
 Wereblood                Tmut           13%        N/A       7%          2
 Ozocubu's Armour         Ice            2%         N/A       52%         3
 Gell's Gravitas          Tloc           0%         N/A       56%         3
 Lesser Beckoning         Tloc           1%         N/A       56%         3
 Teleport Other           Tloc           1%         N/A       56%         3
 Summon Forest            Summ/Tloc      0%         N/A       100%        5
 Summon Mana Viper        Hex/Summ       1%         N/A       100%        5
 Summon Cactus Giant      Summ           0%         N/A       100%        6
 Ozocubu's Refrigeration  Ice            1%         4d5       100%        7


Dungeon Overview and Level Annotations

Branches:
Dungeon (4/15)
 Temple: D:4-7

Altars:
Yredelemnul


Innate Abilities, Weirdness & Mutations

Your plain brown scales are hard. (AC +5)
You cannot fit into any form of body armour.
You are cold-blooded and may be slowed by cold attacks.


Message History

Your transformation has ended.
The jelly barely misses you.
You hit the jelly.
Your hands burn!
The jelly is heavily wounded.
The jelly hits you. The acid corrodes you!
You are splashed with acid!
You are too injured to fight recklessly!
You are too injured to fight recklessly!
You are too injured to fight recklessly!
You are too injured to fight recklessly!
You are too injured to fight recklessly!
You are too injured to fight recklessly!
You hit the jelly. The acid corrodes you!
Your hands burn!
The jelly is heavily wounded.
You feel your willpower return. The jelly closely misses you.
You hit the jelly but do no damage.
Your hands burn!
The jelly is heavily wounded.
The jelly hits you.
You are splashed with acid!
* * * LOW HITPOINT WARNING * * *
You hit the jelly but do no damage.
Your hands burn!
* * * LOW HITPOINT WARNING * * *
The jelly is heavily wounded.
The jelly misses you.
It was a potion of heal wounds.
You feel much better. The jelly hits you. The acid corrodes you!
You are splashed with acid!
You hit the jelly but do no damage.
Your hands burn!
You tail-slap the jelly, but do no damage.
The jelly is heavily wounded.
The jelly closely misses you.
You hit the jelly but do no damage.
Your hands burn!
* * * LOW HITPOINT WARNING * * *
You tail-slap the jelly, but do no damage.
The jelly is heavily wounded.
The jelly barely misses you.
You hit the jelly but do no damage. The acid corrodes you!
Your hands burn!
* * * LOW HITPOINT WARNING * * *
The jelly is heavily wounded.
The jelly closely misses you.
You hit the jelly but do no damage.
Your hands burn!
You die...

##############
#............#
#.#####.#.##.# ### #.#
#.#.##.# #..
#.#####.#.##.# #..
#.##.......#># #..
#.##....#..#.### #..
#.##...........# #..
#####........@J#.#.#######
#..
#......(.................#
#..
#.###.........####.#####.#
### #.# ####....######.#
#.# #.# #...........# #.#
#.# #....########
###.##### ####.###
###...## #.......#
.......# ##.....##
##.#.###.# .#####.#
##.......## ##..#.# #.#


You could see a jelly.

Vanquished Creatures
  An orc wizard (D:3)
  A hound zombie (D:3)
  4 adders
  8 orcs (D:3)
  5 endoplasms
  3 giant cockroaches
  8 hobgoblins
  13 jackals
  6 quokkas
  5 ball pythons
  A ball python zombie (D:3)
  5 bats
  3 frilled lizards
  4 goblins
  2 kobolds (D:3)
  4 rats
  A spectral hobgoblin (D:3)
74 creatures vanquished.

Notes
Turn   | Place    | Note
-------+----------+-------------------------------------------
     0 | D:1      | kae the Draconian Transmuter began the quest for the Orb.
     0 | D:1      | Reached XP level 1. HP: 16/16 MP: 3/3
   168 | D:1      | Reached XP level 2. HP: 17/23 MP: 3/5
   686 | D:1      | Reached skill level 3 in Transmutations
  1128 | D:2      | Reached XP level 3. HP: 24/28 MP: 4/6
  1132 | D:2      | Learned a level 3 spell: Spider Form
  1768 | D:3      | Found a faded altar of an unknown god.
  2047 | D:3      | Reached skill level 1 in Poison Magic
  2138 | D:3      | Reached XP level 4. HP: 30/35 MP: 5/7
  2816 | D:3      | Found a basalt altar of Yredelemnul.
  2856 | D:3      | Reached skill level 4 in Transmutations
  2856 | D:3      | Reached XP level 5. HP: 34/40 MP: 6/8
  2861 | D:3      | Learned a level 4 spell: Ice Form
  3495 | D:3      | HP: 2/40 [acid (2)]
  3500 | D:3      | Splashed by a jelly's acid

Illustrated notes

Levels and vault maps discovered:
D:1:      wander_arrival_estate, layout_loops_ring, chequers_serial_rivers_marsh
D:2:      minmay_general_purpose_star, layout_rooms, chequers_jeans
D:3:      layout_loops_corners, lemuel_zombie_altar_yredelemnul,
          dreamdust_ecumenical_altar_drowned_temple, chequers_garden,
          minivault_14
D:4:      minmay_angry_zag, layout_rooms, corner_web_ring,
          minmay_misc_feat_more_columns, roderic_lattice_a

Skill      XL: |  1  2  3  4 |
---------------+-------------+-----
Transmutations | 3 4 |  4.1
Poison Magic   | 1 2 |  2.0
Fighting       | |  1.1
Dodging        | |  1.7
Unarmed Combat | |  3.9
Spellcasting   | |  2.0
Ice Magic      | |  0.4

Action                   |  1- 3 |  4- 6 || total
-------------------------+-------+-------++-------
Melee: Unarmed           |   122 |    88 ||   210
       Kick              |    16 |     8 ||    24
       Headbutt          |    11 |     5 ||    16
       Tailslap          |     9 |     7 ||    16
       Punch             |       |     1 ||     1
 Cast: Beastly Appendage |    24 |    11 ||    35
       Spider Form       |     1 |     5 ||     6
  Use: Scroll            |     2 |     2 ||     4
       Potion            |       |     1 ||     1
 Stab: Sleeping          |       |     1 ||     1
Armor: Skin              |    39 |    16 ||    55
Dodge: Dodged            |   117 |    69 ||   186

Table legend: (Time is in decaauts)
 A = Elapsed time spent in this place.
 B = Non-inter-level travel time spent in this place.
 C = Inter-level travel time spent in this place.
 D = Time resting spent in this place.
 E = Time spent auto-exploring this place.
 F = Levels seen in this place.
 G = Mean time per level.
                   A        B        C        D        E       F      G
               +--------+--------+--------+--------+--------+-----+--------+
         Total |   3496 |   3436 |     60 |    169 |   2732 |   4 |  874.0 |
       Dungeon |   3496 |   3436 |     60 |    169 |   2732 |   4 |  874.0 |
               +--------+--------+--------+--------+--------+-----+--------+

Top non-repeatable levels by time:
     D:3: 1541 daAuts
     D:1: 1015 daAuts
     D:2: 910 daAuts
     D:4: 29 daAuts
